 Dungeon Crawl Stone Soup version 0.24.0-13-gcf9b3192b9 (webtiles) character file.

Game seed: 5356209647822250860, levelgen mode: deterministic

812 Aviak the Cudgeler (level 7, -2/63 HPs)
             Began as a Minotaur Berserker on Nov 9, 2019.
             Was an Elder of Trog.
             Slain by an ogre
             ... wielding a +0 giant spiked club
              (31 damage)
             ... on level 4 of the Dungeon.
             The game lasted 00:04:36 (2731 turns).

Aviak the Cudgeler (Minotaur Berserker)             Turns: 2731, Time: 00:04:36

Health: -2/63      AC:  6    Str: 23    XL:     7   Next: 61%
Magic:  6/6        EV: 10    Int:  4    God:    Trog [****..]
Gold:   137        SH:  9    Dex: 10    Spells: 6/6 levels left

rFire    . . .     SeeInvis .   n - +0 flail
rCold    . . .     Gourm    .   A - +0 shield
rNeg     . . .     Faith    .   r - +0 ring mail
rPois    .         Spirit   .   (helmet restricted)
rElec    .         Reflect  .   (no cloak)
rCorr    .         Harm     .   (no gloves)
MR       ++...                  (no boots)
Stlth    ..........             (no amulet)
HPRegen  1.20/turn              (no ring)
MPRegen  0.10/turn              (no ring)

@: berserk cooldown, regenerating
A: retaliatory headbutt, horns 2
a: Berserk, Trog's Hand, Brothers in Arms, Renounce Religion


You were on level 4 of the Dungeon.
You worshipped Trog.
Trog was greatly pleased with you.
You were hungry.

You visited 1 branch of the dungeon, and saw 4 of its levels.
You also visited: Sewer.

You collected 137 gold pieces.

Inventory:

Hand Weapons
 a - a +0 mace
 n - a +0 flail (weapon)
Armour
 b - a +0 animal skin
 q - a +0 buckler
 r - a +0 ring mail (worn)
 A - a +0 shield (worn)
Jewellery
 m - a +3 ring of strength {unknown}
 p - a cursed ring of attention {unknown}
 s - a +5 ring of slaying {unknown}
Wands
 z - a wand of random effects (8)
 C - a wand of polymorph (8)
Scrolls
 d - a scroll of immolation
 f - a scroll of enchant weapon
 i - a scroll of identify
 o - a scroll of remove curse {unknown}
 t - 3 scrolls of teleportation
 w - 5 scrolls of magic mapping
 x - a scroll of blinking {unknown}
 y - a scroll of fog {unknown}
Potions
 c - 2 potions of curing
 g - a potion of brilliance {unknown}
 h - a potion of degeneration {unknown}
 j - 3 potions of heal wounds {unknown}
 k - a potion of berserk rage {unknown}
 l - 4 potions of magic
 u - 2 potions of might {unknown}
 v - a potion of resistance {unknown}
Comestibles
 e - 2 rations
 B - a chunk of flesh


   Skills:
 + Level 6.0 Fighting
 + Level 6.0 Maces & Flails
 + Level 5.4 Armour
 + Level 4.9 Dodging
 + Level 2.8 Shields


You had 6 spell levels left.
You didn't know any spells.
Your spell library was empty.

Dungeon Overview and Level Annotations

Branches:
Dungeon (4/15)              Sewer (visited)
 Temple: D:4-7

Altars:
Ashenzari
Elyvilon
Sif Muna
Vehumet
Wu Jian


Innate Abilities, Weirdness & Mutations

You reflexively headbutt those who attack you in melee.
You have a pair of horns on your head.


Message History

Your skin stops crawling.
You feel less resistant to hostile enchantments.
You now have 137 gold pieces (gained 17).
An ogre comes into view. It is wielding a +0 giant spiked club.
The ogre shouts!
Found a stone staircase leading down.
An ogre is nearby!
An ogre is nearby!
The ogre hits you with a +0 giant spiked club!
You're still recovering from your berserk rage.
Okay, then.
The ogre hits you with a +0 giant spiked club!
It was a potion of magic.
Magic courses through your body. You block the ogre's attack.
Your skin crawls.
You feel resistant to hostile enchantments.
You are feeling hungry.
You feel yourself speed up.
The ogre hits you with a +0 giant spiked club!!
You die...

.....>. ... ##...#.# #..
#
.......#########.#####..
###...#.....##...........
#.........."#..####.####.
#...........#..##.....##.
#...........#..#.......#.
#!......O...#..#.†.....#.
#.......@...#......_.....
#....:.........#.......#.
#..............#.......#.
#..............##.....##.
#######........####.####.
###................
#........#.......
#........#....†##
#........#....##


You could see an ogre.

Vanquished Creatures
  Sigmund (D:2)
  A phantom (D:4)
  2 bullfrogs (Sewer)
  2 hounds (D:4)
  An iguana (D:4)
  A worker ant (D:4)
  A gnoll (D:1)
  19 adders
  2 river rats (Sewer)
  An ooze (D:2)
  A worm (D:3)
  2 dart slugs
  7 leopard geckos
  2 orcs (D:3)
  7 bats
  6 giant cockroaches
  4 goblins
  4 hobgoblins
  14 jackals
  2 quokkas
  10 ball pythons
  5 frilled lizards
  7 kobolds
  A quokka skeleton (D:4)
  36 rats
139 creatures vanquished.

Notes
Turn   | Place    | Note
-------+----------+-------------------------------------------
     0 | D:1      | Aviak the Minotaur Berserker began the quest for the Orb.
     0 | D:1      | Reached XP level 1. HP: 19/19 MP: 0/0
    28 | D:1      | Reached XP level 2. HP: 22/27 MP: 1/1
   457 | D:1      | Reached XP level 3. HP: 31/33 MP: 2/2
   575 | D:1      | Reached ** piety under Trog
   894 | D:2      | Found a white marble altar of Elyvilon.
   925 | D:2      | Noticed Sigmund
   932 | D:2      | Killed Sigmund
   932 | D:2      | Reached XP level 4. HP: 41/41 MP: 3/3
   932 | D:2      | Reached XP level 5. HP: 47/47 MP: 4/4
  1064 | D:2      | Reached skill level 5 in Fighting
  1285 | D:2      | Reached skill level 5 in Maces & Flails
  1463 | D:3      | Found a shattered altar of Ashenzari.
  1483 | D:3      | Reached XP level 6. HP: 52/56 MP: 5/5
  1702 | D:3      | Found an ornate altar of the Wu Jian Council.
  1746 | D:3      | Reached *** piety under Trog
  1760 | D:3      | Found a shimmering blue altar of Sif Muna.
  1933 | D:3      | Found a glowing drain.
  1950 | Sewer    | Entered a sewer
  2077 | Sewer    | Reached skill level 1 in Shields
  2104 | Sewer    | Reached **** piety under Trog
  2162 | Sewer    | Reached XP level 7. HP: 62/62 MP: 6/6
  2260 | D:3      | Reached skill level 5 in Armour
  2660 | D:4      | Found a radiant altar of Vehumet.
  2731 | D:4      | Slain by an ogre

Levels and vault maps discovered:
D:1:      dpeg_arrival_prison, layout_loops_ring, chequers_hall_statues_wall_a,
          chequers_decorated_corner
D:2:      layout_loops_ring, nicolae_overflow_hidden_temple, uniq_sigmund
D:3:      layout_basic, lemuel_coloured_pillars_altar, marbit_many_paths,
          overflow_temple_1_default, gup_sewer_entry_pipe,
          minmay_increasing_density
D:4:      kennysheep_kobold_camp, layout_basic, old_standard_altar, first_ration

Skill      XL: |  1  2  3  4  5  6  7 |
---------------+----------------------+-----
Fighting       | 4 5 6 |  6.0
Maces & Flails | 4 5 6 |  6.0
Armour         | 4 5 |  5.4
Dodging        | 3 4 |  4.9
Shields        | 1 2 |  2.8

Action                   |  1- 3 |  4- 6 |  7- 9 || total
-------------------------+-------+-------+-------++-------
Melee: Mace              |    40 |    59 |       ||    99
       Headbutt          |     7 |    25 |     8 ||    40
       Flail             |       |   116 |    67 ||   183
Invok: Berserk           |     3 |     3 |     1 ||     7
       Trog's Hand       |       |       |     2 ||     2
  Use: Scroll            |       |     2 |     2 ||     4
       Potion            |       |       |     2 ||     2
 Stab: Sleeping          |     1 |       |       ||     1
  Eat: Chunk             |     2 |     7 |     4 ||    13
Armor: Ring mail         |     6 |    81 |    30 ||   117
       Animal skin       |     3 |       |       ||     3
Dodge: Dodged            |    28 |   167 |    24 ||   219
Block: Buckler           |       |    20 |       ||    20
       Shield            |       |       |    17 ||    17
